 Dungeon Crawl Stone Soup version 0.17.1-3-g152610e (webtiles) character file.

849 juanjsm the Covert (level 7, -6/32 HPs)
             Began as a Spriggan Enchanter on Apr 1, 2016.
             Was an Initiate of Ashenzari.
             Killed by divine providence
             ... invoked by an orc priest
              (17 damage)
             ... on level 5 of the Dungeon.
             The game lasted 00:21:10 (3634 turns).

juanjsm the Covert (Spriggan Enchanter)             Turns: 3634, Time: 00:21:14

Health: -6/32      AC:  4    Str:  4    XL:     7   Next: 69%
Magic:  1/14       EV: 19    Int: 19    God:    Ashenzari [......]
Gold:   172        SH:  0    Dex: 16    Spells: 4 memorised, 5 levels left

rFire  x . .     SeeInvis +     r - -2 dagger (curse)
rCold  + . .     Clarity  .     b - +1 robe
rNeg   . . .     SustAt   .     (shield restricted)
rPois  .         Gourm    .     (helmet restricted)
rElec  .         Spirit   .     u - +0 cloak
rCorr  .         Warding  .     (gloves unavailable)
rMut   .         Stasis   +     (boots unavailable)
MR     +....                    i - amulet of stasis
Stlth  ++++++....               (no ring)
                                o - ring of ice

@: very quick, somewhat resistant to hostile enchantments, very stealthy
A: unfitting armour, see invisible, herbivore 3, speed 3, slow metabolism 2
a: Renounce Religion


You were on level 5 of the Dungeon.
You worshipped Ashenzari.
Ashenzari was noncommittal.
You were full.

You visited 2 branches of the dungeon, and saw 6 of its levels.

You collected 224 gold pieces.
You spent 52 gold pieces at shops.

Inventory:

Hand Weapons
 a - a +1 dagger
 r - a cursed -2 dagger (weapon)
Armour
 b - a +1 robe (worn)
 u - a +0 cloak (worn)
Jewellery
 i - an amulet of stasis (around neck)
 o - a ring of ice (left hand)
Scrolls
 e - 4 scrolls of teleportation
 f - a scroll of enchant armour
 h - a scroll of identify
 j - a scroll of immolation
 l - a scroll of fog {unknown}
 m - a scroll of recharging {unknown}
 n - a scroll of fear {unknown}
 q - 3 scrolls of curse weapon
 t - a scroll of amnesia {unknown}
 w - a scroll of magic mapping {unknown}
Potions
 g - 2 potions of cancellation
 k - a potion of flight
 s - a potion of haste
 v - a potion of curing
Books
 c - a book of Maledictions

   Spells                             Type                      Level
   a - Corona                         Hexes                        1
   b - Ensorcelled Hibernation        Hexes/Ice                    2
   c - Confuse                        Hexes                        3
   d - Tukima's Dance                 Hexes                        3
   e - Dazzling Spray                 Conjuration/Hexes            3
Comestibles
 d - 6 bread rations


   Skills:
 + Level 0.5 Fighting
 + Level 1.3 Short Blades
 + Level 3.8 Dodging
 * Level 11.7 Stealth
 + Level 4.1 Spellcasting
 + Level 4.8 Hexes
 + Level 1.4 Ice Magic


You had 5 spell levels left.
You knew the following spells:

 Your Spells              Type           Power        Failure   Level  Hunger
a - Corona                Hex            ###....      1%          1    None
b - Ensorcelled Hibernat  Hex/Ice        ###...       8%          2    ##.....
c - Confuse               Hex            ###.....     8%          3    ###....
d - Dazzling Spray        Conj/Hex       ##......     17%         3    ###....


Dungeon Overview and Level Annotations

Branches:
Dungeon (5/15)             Temple (1/1) D:4

Altars:
Ashenzari
Elyvilon
Kikubaaqudgha
Makhleb
Nemelex Xobeh
Okawaru
Qazlal
Vehumet
Yredelemnul

Shops:
D:4 }=   D:5 ?


Innate Abilities, Weirdness & Mutations

You are tiny and cannot use many weapons and most armour.
You have supernaturally acute eyesight.
You are a herbivore.
You cover ground extremely quickly.
You need consume almost no food.


Message History

The orc priest is moderately wounded.
The orc priest hits you with a club. The orc completely misses you.
You hit the orc priest.
The orc priest is heavily wounded.
You hit the orc priest.
The orc priest is heavily wounded.
The orc priest misses you. The orc completely misses you.
You barely miss the orc priest.
The orc priest is heavily wounded.
The orc closely misses you. The orc priest closely misses you.
You barely miss the orc priest.
The orc priest is heavily wounded.
The orc misses you. The orc priest barely misses you.
You hit the orc priest but do no damage.
The orc priest is heavily wounded.
The orc closely misses you.
The orc priest mumbles some strange prayers to Beogh against you.
Something smites you!
Ouch! That really hurt!
You die...

####..........................
...............................
.............................#
###+##.##..##....##..........##
#.##..##....##............
#.....#...................
#.....+....o............#
####..#####o##o.........#
#..##..o@##..).......+
#..#.....##.....##...#
#.....##....)# ..#
##....##....... .#
#######........ o. #......... .
#.......... #########... ...#


You could see 2 orc priests and an orc.

Vanquished Creatures
  Grinder (D:4)
  A phantom (D:4)
  2 centaurs
  A crimson imp (D:5)
  2 hounds
  A centaur skeleton (D:5)
  A giant frog zombie (D:5)
  2 worker ants (D:4)
  An iguana (D:4)
  A hound zombie (D:5)
  6 adders
  An ooze (D:3)
  3 worms
  8 orcs
  A ball python (D:4)
  6 giant cockroaches
  6 goblins
  9 hobgoblins
  7 jackals
  8 kobolds
  2 quokkas (D:3)
  8 bats
  4 giant geckos
  A giant gecko skeleton (D:4)
  3 giant newts (D:4)
  15 rats
101 creatures vanquished.

Notes
Turn   | Place    | Note
--------------------------------------------------------------
     0 | D:1      | juanjsm the Spriggan Enchanter began the quest for the Orb.
     0 | D:1      | Reached XP level 1. HP: 9/9 MP: 5/5
   121 | D:1      | Reached skill level 5 in Stealth
   128 | D:1      | Reached XP level 2. HP: 8/13 MP: 2/6
   132 | D:1      | Learned a level 2 spell: Ensorcelled Hibernation
   740 | D:2      | Reached skill level 6 in Stealth
   740 | D:2      | Reached XP level 3. HP: 16/16 MP: 0/8
   745 | D:2      | Learned a level 3 spell: Confuse
  1047 | D:2      | Reached XP level 4. HP: 21/21 MP: 2/9
  1052 | D:2      | Learned a level 3 spell: Dazzling Spray
  1454 | D:3      | Reached skill level 1 in Ice Magic
  1463 | D:3      | Reached skill level 7 in Stealth
  2099 | D:3      | Reached XP level 5. HP: 25/25 MP: 10/10
  2396 | D:4      | Found Eqihifax's Jewellery Shop.
  2420 | D:4      | Noticed a centaur
  2427 | D:4      | Killed a centaur
  2427 | D:4      | Reached skill level 8 in Stealth
  2428 | D:4      | Noticed a phantom
  2440 | D:4      | Killed a phantom
  2440 | D:4      | Reached skill level 9 in Stealth
  2440 | D:4      | Reached XP level 6. HP: 29/29 MP: 8/12
  2469 | D:4      | Noticed Grinder
  2482 | D:4      | Killed Grinder
  2482 | D:4      | Reached skill level 10 in Stealth
  2482 | D:4      | Reached XP level 7. HP: 12/32 MP: 6/13
  2845 | D:4      | Found Ephemiog's Gadget Boutique.
  2871 | D:4      | Found a staircase to the Ecumenical Temple.
  2918 | D:4      | Reached skill level 11 in Stealth
  3040 | Temple   | Entered the Ecumenical Temple
  3288 | D:5      | Entered Level 5 of the Dungeon
  3288 | D:5      | Found a shattered altar of Ashenzari.
  3296 | D:5      | Became a worshipper of Ashenzari the Shackled
  3536 | D:5      | Found Ytuobatho's Magic Scroll Emporium.
  3542 | D:5      | Bought a scroll of identify for 26 gold pieces
  3542 | D:5      | Bought a scroll of identify for 26 gold pieces
  3634 | D:5      | Killed from afar by an orc priest

Action                   |  1- 3 |  4- 6 |  7- 9 || total
-------------------------+-------+-------+-------++-------
Melee: Dagger            |    88 |   106 |    55 ||   249
 Cast: Corona            |     3 |     6 |       ||     9
       Ensorcelled Hiber |    20 |    17 |    16 ||    53
       Confuse           |       |     2 |     5 ||     7
       Dazzling Spray    |       |       |     2 ||     2
  Use: Scroll            |       |       |     8 ||     8
       Potion            |       |       |     2 ||     2
 Stab: Sleeping          |    23 |    26 |    15 ||    64
       Distracted        |     1 |       |       ||     1
       Confused          |       |     4 |     4 ||     8
       Invisible         |       |       |     2 ||     2
  Eat: Fruit             |       |     2 |       ||     2
       Bread ration      |       |       |     1 ||     1
